 Dungeon Crawl Stone Soup version 0.26-a0-466-g989023bd0d (webtiles) character file.

Game seed: 2678587868765442953

88 1player the Chiller (level 4, -7/21 HPs)
             Began as a Felid Ice Elementalist on Aug 13, 2020.
             Was a Follower of Ru.
             Killed from afar by a white imp (13 damage)
             ... with a puff of frost
             ... on level 5 of the Dungeon.
             The game lasted 00:30:29 (6836 turns).

1player the Chiller (Felid Ice Elementalist)        Turns: 6836, Time: 00:30:30

Health: -7/21      AC:  7    Str:  4    XL:     4   Next: 29%
Magic:  3/8        EV: 18    Int: 16    God:    Ru [*.....]
Gold:   277        SH:  0    Dex: 18    Spells: 0/7 levels left
                                        Lives:  0   Deaths: 1

rFire    . . .     SeeInvis +     - Unarmed
rCold    . . .     Faith    .   (shield unavailable)
rNeg     . . .     Spirit   .   (armour unavailable)
rPois    .         Reflect  .   (helmet unavailable)
rElec    .         Harm     .   (cloak unavailable)
rCorr    .                      (gloves unavailable)
MR       .....                  (boots unavailable)
Stlth    +++.......             m - amulet of the acrobat
HPRegen  0.07/turn              (no ring)
MPRegen  0.11/turn              (no ring)

@: brilliant, icy armour, very slightly contaminated, quick
A: very small, no armour, no weapons or thrown items, stealth, claws 1, fangs 3,
see invisible, speed 1, shaggy fur 1, cowardly, sharp paws
a: Renounce Religion


You were on level 5 of the Dungeon.
You worshipped Ru.
Ru was aware of your devotion.
You visited 1 branch of the dungeon, and saw 5 of its levels.

You collected 277 gold pieces.

Inventory:

Jewellery
 m - an amulet of the acrobat (around neck)
Scrolls
 j - 2 scrolls of teleportation
 l - a scroll of remove curse {@r2}
 p - a scroll of enchant weapon {unknown}
 q - a scroll of immolation {unknown}
Potions
 a - 2 potions of magic
 d - 3 potions of heal wounds {@q2}
 f - a potion of stabbing {unknown}
 h - 3 potions of curing {@q1}
 k - 4 potions of flight
 n - a potion of might {unknown}
 o - a potion of haste {unknown}
 r - a potion of berserk rage {unknown}


   Skills:
 - Level 3.4 Fighting
 - Level 3.0 Dodging
 - Level 2.6 Stealth
 + Level 1.9 Unarmed Combat
 - Level 2.0 Spellcasting
 * Level 4.4 Ice Magic


You couldn't memorise any spells.
You knew the following spells:

 Your Spells              Type           Power        Failure   Level
a - Frozen Ramparts       Ice            ###...       11%         3
b - Ozocubu's Armour      Ice            ###.....     11%         3
z - Freeze                Ice            ###.         3%          1

Your spell library contained the following spells:

 Spells                   Type           Power        Failure   Level
 Hailstorm                Conj/Ice       ##......     63%         4
 Summon Ice Beast         Ice/Summ       ##......     63%         4


Dungeon Overview and Level Annotations

Branches:
Dungeon (5/15)             Temple (0/1) D:5

Altars:
Dithmenos
Nemelex Xobeh
Okawaru
Ru
Trog
Uskayaw

Annotations:
D:2 Jessica
D:3 3 runed translucent doors, 1player's ghost, amateur FoAK; Sigmund
D:4 exclusion: orc wizard
D:5 exclusions: centaur and shadow imp


Innate Abilities, Weirdness & Mutations

You cannot wear armour.
You are incapable of wielding weapons or throwing items.
Your paws allow you to move quietly. (Stealth)
You have sharp claws.
You have razor-sharp teeth.
You have supernaturally acute eyesight. (SInv)
You cover ground quickly.
You are covered in fur. (AC +1)
Your cowardice makes you less effective in combat with threatening monsters.
Your sharp claws are effective at attacking unaware monsters.


Message History

The white imp is lightly wounded.
The white imp misses you.
You scratch the white imp but do no damage.
The white imp begins to attack, but is stunned by your will!
You scratch the white imp.
The white imp is moderately wounded.
The white imp barely misses you.
You scratch the white imp but do no damage.
The white imp is moderately wounded.
The white imp gestures at you. The puff of frost misses you.
You scratch the white imp.
The white imp is heavily wounded.
The white imp is stunned by your will and fails to attack.
You barely miss the white imp.
The white imp is heavily wounded.
The white imp gestures at you. The puff of frost hits you!
Ouch! That really hurt!
You die...

#......### #
##......c.#####
#.......#.....#
##...##.?####...
##....# ..# #...
#.....# #.## #..#
##.....# #..###..#
##5...#'###..##..##
#.@####_#.#...#..#
###.#####......c.#
#.># #.......###
##.## ##.........
##.###...###....
#..#..### #..#.
##...## #..#. ##.##
##.##. ###.##
#..##.


You could see a white imp.

Vanquished Creatures
  A hound (D:4)
  An iguana (D:4)
  A worker ant (D:4)
  2 adders (D:3)
  An ufetubus (D:5)
  2 oozes
  2 worms
  A dart slug (D:2)
  3 leopard geckos
  An orc (D:4)
  A ball python (D:1)
  2 giant cockroaches
  3 goblins
  4 hobgoblins
  6 jackals (D:1)
  3 quokkas
  5 bats
  5 frilled lizards
  6 kobolds
  8 rats
58 creatures vanquished.

Notes
Turn   | Place    | Note
-------+----------+-------------------------------------------
     0 | D:1      | 1player the Felid Ice Elementalist began the quest for the
                  | Orb.
     0 | D:1      | Reached XP level 1. HP: 7/7 MP: 4/4
   337 | D:1      | Reached skill level 1 in Fighting
   702 | D:1      | Reached XP level 2. HP: 13/13 MP: 3/6
  1761 | D:2      | Noticed Jessica
  2180 | D:2      | Reached XP level 3. HP: 16/16 MP: 3/7
  3217 | D:3      | Noticed Sigmund
  3269 | D:3      | Found a runed translucent gate.
  3269 | D:3      | Found a runed translucent gate.
  3273 | D:3      | Found a runed translucent gate.
  3353 | D:3      | Noticed an ogre
  4054 | D:3      | Noticed 1player's ghost (amateur FoAK)
  4251 | D:3      | Reached XP level 4. HP: 18/21 MP: 5/8
  4285 | D:3      | Found a sacrificial altar of Ru.
  4293 | D:3      | Became a worshipper of Ru the Awakened
  4511 | D:4      | Reached skill level 1 in Unarmed Combat
  4880 | D:4      | Found a bloodstained altar of Trog.
  4906 | D:4      | Noticed a black bear
  5117 | D:4      | Reached skill level 4 in Ice Magic
  5117 | D:4      | Reached XP level 5. HP: 22/24 MP: 4/9
  5931 | D:4      | Found a shadowy altar of Dithmenos.
  5934 | D:4      | Found a hide-covered altar of Uskayaw.
  6003 | D:5      | Entered Level 5 of the Dungeon
  6107 | D:5      | Noticed a centaur
  6143 | D:5      | Gained mutation: Your cowardice makes you less effective in
                  | combat with threatening monsters. [Ru sacrifice]
  6143 | D:5      | Reached * piety under Ru
  6415 | D:5      | Found a staircase to the Ecumenical Temple.
  6593 | D:5      | Noticed an ogre
  6719 | D:5      | Killed from afar by a white imp
  6720 | D:5      | Reached XP level 4. HP: -8/21 MP: 5/8
  6720 | D:5      | Found a sparkling altar of Nemelex Xobeh.
  6784 | D:4      | Found an iron altar of Okawaru.
  6795 | D:4      | Learned a level 3 spell: Frozen Ramparts
  6799 | D:4      | Learned a level 3 spell: Ozocubu's Armour
  6836 | D:5      | Killed from afar by a white imp

Illustrated notes

Levels and vault maps discovered:
D:1:      dpeg_arrival_lava_temple_mockup, layout_basic
D:2:      layout_basic, kennysheep_cross_bottleneck, uniq_jessica
D:3:      layout_basic, nicolae_ru_path_of_blood, gammafunk_ghost_icy,
          minmay_box_of_dots, uniq_sigmund
D:4:      layout_basic, nicolae_overflow_hidden_temple, marbit_many_paths
D:5:      layout_layer_cave, kennysheep_mini, lemuel_temple_firewalk_a

Skill      XL: |  1  2  3  4 |
---------------+-------------+-----
Fighting       | 1 2 3 |  3.4
Dodging        | 3 |  3.0
Unarmed Combat | 1 |  1.9
Ice Magic      | 4 |  4.4
Stealth        | |  2.6
Spellcasting   | |  2.0

Action                   |  1- 3 |  4- 6 || total
-------------------------+-------+-------++-------
Melee: Unarmed           |    44 |    29 ||    73
       Bite              |     3 |     2 ||     5
 Cast: Freeze            |    66 |    38 ||   104
       Ozocubu's Armour  |       |     1 ||     1
Invok: Sacrifice Courage |       |     1 ||     1
  Use: Scroll            |     6 |     4 ||    10
       Potion            |       |     4 ||     4
 Stab: Sleeping          |     8 |     2 ||    10
Armor: Skin              |     5 |     4 ||     9
Dodge: Dodged            |    86 |    49 ||   135

Table legend: (Time is in decaauts)
 A = Elapsed time spent in this place.
 B = Non-inter-level travel time spent in this place.
 C = Inter-level travel time spent in this place.
 D = Time resting spent in this place.
 E = Time spent auto-exploring this place.
 F = Levels seen in this place.
 G = Mean time per level.
                   A        B        C        D        E       F      G
               +--------+--------+--------+--------+--------+-----+--------+
         Total |   5871 |   5296 |    575 |   1441 |   1169 |   5 | 1174.2 |
       Dungeon |   5871 |   5296 |    575 |   1441 |   1169 |   5 | 1174.2 |
               +--------+--------+--------+--------+--------+-----+--------+

Top non-repeatable levels by time:
     D:2: 1431 daAuts
     D:1: 1412 daAuts
     D:3: 1351 daAuts
     D:4: 1098 daAuts
     D:5: 577 daAuts
